 Dungeon Crawl Stone Soup version 0.23-a0-296-ga3b1b28 (webtiles) character file.

753 Ijustatesigmund the Conjurer (level 7, -7/45 HPs)
             Began as an Octopode Wizard on Oct 5, 2018.
             Mangled by a centaur (9 damage)
             ... on level 5 of the Dungeon.
             The game lasted 00:17:44 (6502 turns).

Ijustatesigmund the Conjurer (Octopode Wizard)      Turns: 6502, Time: 00:17:45

Health: -7/45      AC:  3    Str:  6    XL:     7   Next: 78%
Magic:  3/13       EV: 13    Int: 20    God:
Gold:   44         SH:  0    Dex: 13    Spells: 8/14 levels left

rFire    . . .     SeeInvis .   d - +2 dagger (pain)
rCold    . . .     Gourm    .   (no shield)
rNeg     . . .     Faith    .   a - +2 hat
rPois    .         Spirit   .   (no amulet)
rElec    .         Reflect  .   h - ring of flight
rCorr    .         Harm     .   (no ring)
MR       .....                  (no ring)
Stlth    +++.......             (no ring)
HPRegen  0.15/turn              (no ring)
MPRegen  0.13/turn              (no ring)
                                (no ring)
                                (no ring)

@: hasted, very quick
A: almost no armour, stealthy swim, amphibious, 8 rings, constrict 8, camouflage
1, robust 1, screaming 1, gelatinous body 1, MP-powered wands
a: Evoke Flight


You were on level 5 of the Dungeon.
You were hungry.

You visited 1 branch of the dungeon, and saw 6 of its levels.
You also visited: Sewer.

You collected 189 gold pieces.
You spent 145 gold pieces at shops.

Inventory:

Hand Weapons
 d - a +2 dagger of pain (weapon)
 g - a +1 short sword
Missiles
 p - a poisoned javelin (quivered)
Armour
 a - a +2 hat (worn)
 n - a +0 buckler
Jewellery
 h - a ring of flight (left tentacle)
Wands
 f - a wand of polymorph (16)
 i - a wand of flame (27)
Scrolls
 l - 2 scrolls of remove curse
 m - 2 scrolls of identify
Potions
 b - 4 potions of magic
 j - a potion of lignification
Comestibles
 c - 9 rations


   Skills:
 - Level 2.0 Dodging
 - Level 2.6 Stealth
 + Level 3.0 Shields
 - Level 4.0 Spellcasting
 - Level 5.8 Conjurations
   Level 1.0 Summonings
 - Level 2.2 Translocations
 - Level 3.0 Fire Magic


You had 8 spell levels left.
You knew the following spells:

 Your Spells              Type           Power        Failure   Level  Hunger
a - Magic Dart            Conj           ####         1%          1    None
b - Blink                 Tloc           N/A          8%          2    #......
c - Conjure Flame         Conj/Fire      ###.....     6%          3    ###....

Your spell library contained the following spells:

 Spells                   Type           Power        Failure   Level  Hunger
 Call Imp                 Summ           #.......     13%         2    #......
 Mephitic Cloud           Conj/Pois/Air  ##......     17%         3    ###....
 Slow                     Hex            #.......     19%         2    #......


Dungeon Overview and Level Annotations

Branches:
Dungeon (6/15)             Temple (0/1) D:4

Altars:
Fedhas
Nemelex Xobeh
Ru
Sif Muna
Xom
Yredelemnul

Shops:
D:4 *


Innate Abilities, Weirdness & Mutations

You cannot wear most types of armour.
You are very stealthy in the water. (Stealth+)
You are amphibious.
You can wear up to eight rings at the same time.
You can use your tentacles to constrict eight enemies at once.
Your skin changes colour to match your surroundings (Stealth+).
Your rubbery body absorbs attacks. (AC +1, EV +1)
You are robust. (+10% HP)
You occasionally shout uncontrollably at your foes.
You expend magic power (3 MP) to strengthen your wands.


Message History

Press: ? - help, Shift-Dir - straight line, f/p - centaur
Aim: a centaur, wielding a shortbow of flaming (moderately wounded)
You throw a poisoned javelin.
The poisoned javelin hits the centaur but does no damage.
The centaur is moderately wounded.
The centaur shoots an arrow.
The arrow misses you.
The centaur shoots an arrow.
The arrow hits you. The arrow burns you.
* * * LOW HITPOINT WARNING * * *
You feel yourself speed up.
You feel better.
The centaur shoots an arrow.
The arrow hits you!
* * * LOW HITPOINT WARNING * * *
The arrow burns you.
* * * LOW HITPOINT WARNING * * *
The centaur unwields an uncursed shortbow of flaming.
It stops flaming.
The centaur hits you.
* * * LOW HITPOINT WARNING * * *
You hit the centaur.
The centaur is heavily wounded.
The centaur hits you!
You die...

# #.# #............# .#
##.##########.####.####..# ..#
#...#.......#.##.....##..# ...#
#..#..(.....##[#.......#..#
....#..##........##.#......)#..##
....>.# #....(...##....._...[....
.....## ##.......##.#.......#.##.
......# #.....(.##.#.......#.#..
......## ##.....@##.##.....##...#
.......# ##.....c#.####.####..##
.......# #......(............##
.......## ##..#..######.#.##..#.
...†....# ####..# #...##....
........# #..## #.####....
........# #..# #.........
........# ..## ####......
........# #)# #.......


You could see a centaur.

Vanquished Creatures
  A sky beast (D:5)
  A centaur (D:5)
  A water moccasin skeleton (D:4)
  A crimson imp (D:5)
  A hound (D:5)
  A bullfrog skeleton (D:4)
  An orc priest (D:5)
  3 orc wizards (D:4)
  2 iguanas
  3 worker ants
  3 gnolls (D:3)
  3 adders
  An ooze (D:3)
  2 adder skeletons
  2 worms
  A dart slug (D:3)
  7 leopard geckos
  15 orcs
  5 ball pythons
  6 giant cockroaches
  7 goblins
  5 hobgoblins
  10 jackals
  11 kobolds
  3 quokkas
  11 bats
  12 frilled lizards
  13 rats
  A spectral orc (D:3)
  2 plants (Sewer)
135 creatures vanquished.

Notes
Turn   | Place    | Note
-------+----------+-------------------------------------------
     0 | D:1      | Ijustatesigmund the Octopode Wizard began the quest for the
                  | Orb.
     0 | D:1      | Reached XP level 1. HP: 11/11 MP: 4/4
   114 | D:1      | Reached skill level 2 in Conjurations
   114 | D:1      | Reached XP level 2. HP: 13/17 MP: 1/6
   118 | D:1      | Learned a level 2 spell: Blink
   974 | D:1      | Reached XP level 3. HP: 21/21 MP: 0/7
  1403 | D:1      | Reached skill level 3 in Conjurations
  1935 | D:2      | Found a sparkling altar of Nemelex Xobeh.
  2541 | D:4      | Reached XP level 4. HP: 27/27 MP: 1/9
  2549 | D:4      | Learned a level 3 spell: Conjure Flame
  2551 | D:4      | Found a shimmering altar of Xom.
  2732 | D:4      | HP: 1/27 [worm (5)]
  2733 | D:4      | Gained mutation: You occasionally shout uncontrollably at
                  | your foes. [potion of mutation]
  2733 | D:4      | Gained mutation: You are robust. (+10% HP) [potion of
                  | mutation]
  2733 | D:4      | Gained mutation: You expend magic power (3 MP) to
                  | strengthen your wands. [potion of mutation]
  2752 | D:4      | Found a staircase to the Ecumenical Temple.
  2762 | D:4      | Reached skill level 4 in Conjurations
  2762 | D:4      | Reached XP level 5. HP: 9/34 MP: 2/10
  2916 | D:4      | Found a glowing drain.
  2946 | Sewer    | Entered a sewer
  4041 | D:3      | Reached XP level 6. HP: 30/39 MP: 0/12
  4538 | D:3      | Found a basalt altar of Yredelemnul.
  4736 | D:4      | Reached skill level 1 in Fire Magic
  4949 | D:4      | Reached skill level 5 in Conjurations
  5427 | D:4      | You fall through a shaft for 2 floors!
  5432 | D:5      | Entered Level 5 of the Dungeon
  5443 | D:5      | Reached XP level 7. HP: 45/45 MP: 7/13
  5526 | D:5      | Found a blossoming altar of Fedhas.
  5756 | D:4      | Found Kesh's Assorted Antiques.
  5761 | D:4      | Bought a buckler for 121 gold pieces
  5761 | D:4      | Bought a viscous inky potion for 24 gold pieces
  5859 | D:4      | Found a sacrificial altar of Ru.
  6043 | D:5      | Reached skill level 1 in Shields
  6346 | D:5      | Found a deep blue altar of Sif Muna.
  6501 | D:5      | HP: 2/45 [centaur (6)]
  6502 | D:5      | Mangled by a centaur

Vault maps used:
D:1:      ncdulo_watergridlock, amethyst_killhole, st_stairs_10
D:2:      nemelex_xobeh_ov_fountains_minmay
D:3:      yredelemnul_forgotten_temple_becter, first_ration
D:4:      marbit_many_paths, nicolae_overflow_crystal_walls,
          minmay_temple_entry_grid, serial_shops, nicolae_shop_trees,
          portal_sewer_entry_a, minmay_lizard_king
D:5:      old_standard_altar, lemuel_coloured_pillars_altar, lemuel_round_altar,
          overflow_temple_1_default
D:6:      ashenzari_altar_1, minmay_misc_feat_four_crosses,
          grunt_dithmenos_smoke_and_mirrors
Sewer:    sewer_co_scattered_pipes

Skill      XL: |  1  2  3  4  5  6  7 |
---------------+----------------------+-----
Conjurations   | 2 3 4 5 |  5.8
Spellcasting   | 4 |  4.0
Translocations | 2 |  2.2
Fire Magic     | 2 3 |  3.0
Shields        | 3 |  3.0
Dodging        | |  2.0
Stealth        | |  2.6
Summonings     | |  1.0

Action                   |  1- 3 |  4- 6 |  7- 9 || total
-------------------------+-------+-------+-------++-------
Melee: Unarmed           |     6 |       |       ||     6
       Constrict         |     4 |    18 |     5 ||    27
       Tentacles         |     2 |    17 |     1 ||    20
       Short sword       |    11 |    55 |       ||    66
       Dagger            |       |    47 |    20 ||    67
Throw: Javelin           |       |       |     1 ||     1
 Cast: Magic Dart        |    87 |   155 |    49 ||   291
       Blink             |     1 |       |       ||     1
  Use: Scroll            |     5 |     6 |     4 ||    15
       Potion            |       |     4 |     7 ||    11
 Stab: Sleeping          |     1 |     2 |       ||     3
  Eat: Chunk             |     4 |     7 |     2 ||    13
       Ration            |       |     1 |       ||     1
Armor: Skin              |     4 |    18 |    13 ||    35
Dodge: Dodged            |    17 |    65 |    22 ||   104

Table legend:
 A = Non-vault XP
 B = Vault XP
 C = Vault XP percentage of total XP
 D = Non-vault monster count
 E = Vault monster count
 F = Vault count percentage of total count
                 A         B        C        D         E       F
            +---------+---------+-------+---------+---------+-------
      Total |     979 |      97 |   9.0 |      95 |      38 |  28.6
            +---------+---------+-------+---------+---------+-------
        D:1 |      35 |       5 |  12.5 |      21 |       3 |  12.5
        D:2 |      29 |       0 |   0.0 |      10 |       0 |   0.0
        D:3 |     114 |       1 |   0.9 |      33 |       1 |   2.9
        D:4 |     339 |      59 |  14.8 |      16 |      13 |  44.8
        D:5 |     462 |       0 |   0.0 |      15 |       0 |   0.0
      Sewer |       0 |      32 | 100.0 |       0 |      21 | 100.0
            +---------+---------+-------+---------+---------+-------
